 Dungeon Sprint DCSS version 0.17-a0-1996-gd2c0ec8 (webtiles) character file.

297 Kidiri the Covert (level 6, -10/28 HPs)
             Began as a Spriggan Enchanter on Oct 7, 2015.
             Was an Initiate of Dithmenos.
             Mangled by a spatial vortex (21 damage)
             ... in the Dungeon (Sprint III: "The Ten Rune Challenge").
             The game lasted 00:02:35 (446 turns).

Kidiri the Covert (Spriggan Enchanter)               Turns: 446, Time: 00:02:35

Health: -10/28     AC:  3    Str:  4    XL:     6   Next: 12%
Magic:  13/16      EV: 24    Int: 17    God:    Dithmenos [......]
Gold:   42         SH:  0    Dex: 18    Spells: 5 memorised, 6 levels left

rFire  + . .     SeeInvis +     a - +1 dagger
rCold  . . .     Rnd*Rage +     b - +1 robe
rNeg   . . .     SustAt   .     (shield restricted)
rPois  +         Gourm    .     (helmet restricted)
rElec  .         Spirit   .     (no cloak)
rCorr  .         Warding  .     (gloves unavailable)
rMut   .         NoTele   +     (boots unavailable)
MR     ++...                    (no amulet)
Stlth  +++++.....               (no ring)
                                (no ring)

@: very quick, very resistant to hostile enchantments, quite stealthy
A: unfitting armour, fangs 1, see invisible, berserk 1, fire resistance 1,
herbivore 3, speed 3, magic resistance 1, sense surroundings 1, poison
resistance, slow metabolism 2
a: Renounce Religion


You were in the Dungeon.
You worshipped Dithmenos.
Dithmenos was noncommittal.
You were not hungry.

You visited 1 branch You collected 42 gold pieces.

Inventory:

Hand Weapons
 a - a +1 dagger (weapon)
Armour
 b - a +1 robe (worn)
Scrolls
 j - a scroll of blinking
 l - a scroll of torment {unknown}
 m - 3 scrolls of remove curse
 p - a scroll of holy word {unknown}
 q - a scroll of identify {unknown}
 r - a scroll of magic mapping {unknown}
Potions
 e - a potion of curing
 f - a potion of heal wounds
 g - 4 potions of haste
 h - 2 potions of magic
 o - a potion of beneficial mutation {unknown}
 t - a potion of cure mutation {unknown}
 u - a potion of flight {unknown}
Books
 c - a book of Maledictions

   Spells                             Type                      Level
   a - Corona                         Hexes                        1
   b - Ensorcelled Hibernation        Hexes/Ice                    2
   c - Confuse                        Hexes                        3
   d - Tukima's Dance                 Hexes                        3
   e - Dazzling Spray                 Conjuration/Hexes            3
Comestibles
 d - a bread ration
 n - 2 royal jellies
 s - 3 fruits


   Skills:
 * Level 5.7 Short Blades
 + Level 2.5 Armour
 * Level 8.3 Dodging
 * Level 9.4 Stealth
 * Level 6.9 Spellcasting
 + Level 2.0 Conjurations
 + Level 6.0 Hexes
 + Level 2.4 Ice Magic
 + Level 0.0 Invocations


You had 6 spell levels left.
You knew the following spells:

 Your Spells              Type           Power        Failure   Level  Hunger
a - Corona                Hex            ####...      1%          1    None
b - Ensorcelled Hibernat  Hex/Ice        ###...       3%          2    None
c - Confuse               Hex            ####....     3%          3    ##.....
d - Tukima's Dance        Hex            ####....     3%          3    ##.....
e - Dazzling Spray        Conj/Hex       ###.....     10%         3    ##.....


Dungeon Overview and Level Annotations

Branches:
Dungeon (1/1)

Altars:
Dithmenos
Gozag
Makhleb
Nemelex Xobeh
Qazlal
Ru
Xom
Jiyva
Lugonu


Innate Abilities, Weirdness & Mutations

You are tiny and cannot use many weapons and most armour.
You have supernaturally acute eyesight.
You are a herbivore.
You cover ground extremely quickly.
You need consume almost no food.
You have very sharp teeth.
You tend to lose your temper in combat.
Your flesh is heat resistant.
You are resistant to hostile enchantments.
You passively map a small area around you.
Your system is resistant to poisons.


Message History

Found a stormy altar of Qazlal.
Found a disc of storms.
Found eight altars.
There is an open door here.
There is a sacrificial altar of Ru here.
There is a viscous altar of Jiyva here.
There is a shadowy altar of Dithmenos here.
You kneel at the altar of Dithmenos.
Dithmenos welcomes you!
Unknown command.
Casting: Dazzling Spray
Confirm with . or Enter, or press ? or * to list all spells.
Aiming: Dazzling Spray
Press: ? - help, Shift-Dir - straight line, f - spatial vortex
Aim: a spatial vortex The spray of energy hits the spatial vortex.
The spatial vortex is lightly damaged.
The spatial vortex hits you! Space bends around you.
The spatial vortex hits you!!
Ouch! That really hurt!
You die...

...♣♣♣ ♣.#* * *** *
...♣.♣ ♣♣.#__ ,*_ .....♣
♣..# , *,_* ,
...≈.♣♣♣..###+#+###+## ,
..≈≈.♣♣.♣.#..........# ,
, .≈≈≈≈♣♣.♣.'.⌠........#
, ,
.≈≈≈≈≈≈.♣.#...######'#,
≈≈≈≈≈≈....#.⌠.#v_#...#+*
* ≈≈≈≈≈.....#...#_@#...#
, ≈≈≈.......#+###__#...#
* ..........#,, #__#...+
..........# _ #_.'...#,*
, ▓▓▓▓▓▓▓▓▓▓▓ ▓▓▓▓▓▓▓▓*
* * * , , ≈ , ≈ *+ ≈≈ ≈
≈ + , * * *


You could see a spatial vortex.

Vanquished Creatures
  A shadow (D)
  A water elemental (D)
  A jelly (D)
  Jessica (D)
  A human (D)
  A phantom (D)
  3 rats (D)
9 creatures vanquished.

Vanquished Creatures (others)
  2 draconian scorchers (D)
  A yaktaur (D)
3 creatures vanquished.

Grand Total: 12 creatures vanquished

Notes
Turn   | Place    | Note
--------------------------------------------------------------
     0 | D        | Kidiri the Spriggan Enchanter began the quest for the Orb.
     0 | D        | Reached XP level 1. HP: 9/9 MP: 5/5
    58 | D        | Killed a yaktaur
    72 | D        | Noticed Jessica
    77 | D        | Killed Jessica
    77 | D        | Reached skill level 1 in Armour
    77 | D        | Reached skill level 6 in Stealth
    77 | D        | Reached XP level 2. HP: 13/13 MP: 6/8
    81 | D        | Learned a level 2 spell: Ensorcelled Hibernation
   132 | D        | Reached skill level 5 in Dodging
   132 | D        | Reached XP level 3. HP: 16/16 MP: 3/9
   137 | D        | Learned a level 3 spell: Confuse
   141 | D        | Learned a level 3 spell: Dazzling Spray
   212 | D        | Gained mutation: You are resistant to hostile enchantments. [potion of mutation]
   212 | D        | Gained mutation: Your system is resistant to poisons. [potion of mutation]
   212 | D        | Gained mutation: Your mind is acute. (Int +2) [potion of mutation]
   212 | D        | Killed a white draconian scorcher
   213 | D        | Gained mutation: You tend to lose your temper in combat. [potion of mutation]
   213 | D        | Gained mutation: You have very sharp teeth. [potion of mutation]
   214 | D        | Gained mutation: You passively map a small area around you. [potion of mutation]
   214 | D        | Gained mutation: Your flesh is heat resistant. [potion of mutation]
   214 | D        | Lost mutation: Your mind is acute. (Int +2) [potion of mutation]
   247 | D        | Noticed a water elemental
   249 | D        | Killed a water elemental
   249 | D        | Reached skill level 7 in Stealth
   249 | D        | Reached skill level 5 in Spellcasting
   249 | D        | Reached skill level 5 in Hexes
   249 | D        | Reached skill level 1 in Ice Magic
   249 | D        | Reached XP level 4. HP: 21/21 MP: 12/12
   252 | D        | Killed a white draconian scorcher
   254 | D        | Learned a level 3 spell: Tukima's Dance
   264 | D        | Noticed a jelly
   265 | D        | Noticed a shadow
   316 | D        | Killed a shadow
   316 | D        | Reached skill level 5 in Short Blades
   316 | D        | Reached skill level 8 in Dodging
   316 | D        | Reached skill level 9 in Stealth
   316 | D        | Reached skill level 1 in Conjurations
   316 | D        | Reached XP level 5. HP: 24/24 MP: 2/15
   316 | D        | Reached XP level 6. HP: 28/28 MP: 2/16
   436 | D        | Killed a jelly
   440 | D        | Found a stormy altar of Qazlal.
   440 | D        | Noticed a spatial vortex
   441 | D        | Found a sacrificial altar of Ru.
   441 | D        | Found a burning altar of Makhleb.
   441 | D        | Found a viscous altar of Jiyva.
   441 | D        | Found a shimmering altar of Xom.
   441 | D        | Found a shadowy altar of Dithmenos.
   441 | D        | Found a sparkling altar of Nemelex Xobeh.
   441 | D        | Found a corrupted altar of Lugonu.
   441 | D        | Found an opulent altar of Gozag.
   445 | D        | Became a worshipper of Dithmenos the Shadowed
   446 | D        | Mangled by a spatial vortex

Vault maps used:
D:        dungeon_sprint_mu

Action                   |  1- 3 |  4- 6 || total
-------------------------+-------+-------++-------
Melee: Dagger            |    14 |    13 ||    27
 Cast: Ensorcelled Hiber |     2 |       ||     2
       Corona            |     2 |       ||     2
       Dazzling Spray    |       |     4 ||     4
  Use: Potion            |     3 |     1 ||     4
 Stab: Sleeping          |     6 |     1 ||     7
